 Dungeon Crawl Stone Soup version 0.29.1-15-g9cfb28693d (webtiles) character file.

Game seed: 5300706191916182015

305 protoss039 the Digger (level 6, 36/46 HPs)
             Began as a Demonspawn Earth Elementalist on Mar 15, 2023.
             Was an Initiate of Vehumet.
             Got out of the dungeon alive.
             The game lasted 00:05:38 (3220 turns).

protoss039 the Digger (DsEE)                        Turns: 3220, Time: 00:05:38

Health: 36/46      AC:  5    Str:  8    XL:     6   Next: 15%
Magic:  10/10      EV:  9    Int: 19    God:    Vehumet [......]
Gold:   125        SH: 11    Dex: 19    Spells: 5/11 levels left

rFire   + . .      SeeInvis .   r - +4 dagger
rCold   . . .      Faith    .   y - +2 kite shield {rF+}
rNeg    . . .      Spirit   .   q - +0 ring mail
rPois   .          Reflect  .   (helmet restricted)
rElec   .          Harm     .   (no cloak)
rCorr   .          Rampage  .   (no gloves)
Will    .....                   (no boots)
Stlth   ++........              e - amulet of the acrobat
HPRegen 0.15/turn               h - ring of wizardry
MPRegen 0.24/turn               t - +6 ring of dexterity

@: studying Stealth
A: antennae 1, magic regeneration, sturdy frame 1
a: Renounce Religion


You escaped.
You worshipped Vehumet.
Vehumet was noncommittal.
You visited 1 branch of the dungeon, and saw 4 of its levels.

You collected 125 gold pieces.

Inventory:

Hand Weapons
 r - a +4 dagger (weapon)
Missiles
 i - 2 atropa-tipped darts
 s - 6 poisoned darts
Armour
 q - a +0 ring mail (worn)
 y - a +2 kite shield of fire resistance (worn)
Magical Staves
 n - a staff of earth
Jewellery
 e - an amulet of the acrobat (around neck)
 h - a ring of wizardry (left hand)
 p - an amulet of magic regeneration
 t - a +6 ring of dexterity (right hand)
Wands
 k - a wand of roots (9)
 u - a wand of polymorph (9)
Scrolls
 d - a scroll of identify
 f - a scroll of butterflies
 l - a scroll of fear {unknown}
 m - a scroll of immolation
 o - 2 scrolls of vulnerability {unknown}
 v - a scroll of poison {unknown}
Potions
 a - a potion of cancellation {unknown}
 b - a potion of magic
 c - a potion of flight
 g - a potion of curing {unknown}
 j - a potion of ambrosia {unknown}
 w - a potion of haste {unknown}
 x - a potion of heal wounds
 z - 2 potions of brilliance {unknown}
 A - a potion of degeneration {unknown}


   Skills:
 * Level 2.9 Fighting
 + Level 1.5 Armour
 - Level 1.7 Dodging
 - Level 1.7 Stealth
 * Level 1.7 Shields
 + Level 3.1 Spellcasting
 + Level 1.7 Conjurations
 - Level 0.8 Transmutations
 + Level 3.6 Earth Magic


You had 5 spell levels left.
You knew the following spells:

 Your Spells              Type           Power      Damage    Failure   Level
a - Sandblast             Erth           32%        2d9       9%          1
b - Passwall              Tmut/Erth      9%         N/A       21%         2
c - Stone Arrow           Conj/Erth      26%        3d8       32%         3

Your spell library contained the following spells:

 Spells                   Type           Power      Damage    Failure   Level
 Dazzling Flash           Conj/Hex       12%        N/A       56%         3
 Petrify                  Tmut/Erth      11%        N/A       77%         4
 Iskenderun's Mystic Bla  Conj/Tloc      6%         2d4       91%         4
 Starburst                Conj/Fire      3%         6d3       100%        6


Dungeon Overview and Level Annotations

Branches:
Dungeon (4/15) Zot: 20726  Temple (0/1) D:4

Altars:
Dithmenos
Gozag
Trog
Vehumet

Shops:
D:4 *(

Annotations:
D:4 Dowan


Innate Abilities, Weirdness & Mutations

You have a pair of small antennae on your head.
You regenerate magic rapidly.
Your movements are slightly less encumbered by armour. (ER -2)


Message History

Your butterfly disappears in a burst of colours!
Your butterfly explodes!
The orc priest explodes!
You hear a shout! x2
Your Spellcasting skill increases to level 3!
You have reached level 6!
Your demonic ancestry asserts itself...
A pair of antennae grows on your head!
Unknown command.
Unknown command.
Unknown command.
Unknown command.
Unknown command.
Unknown command.
Unknown command.
Unknown command.
Unknown command.
There is an entrance to Wyrriugh's Weapon Shop here.
Unknown command.
You can access your shopping list by pressing '$'.
Your butterfly disappears in a burst of colours!
Your butterfly's inner flame fades away.
Found a stone staircase leading up.
Found a scroll labelled DISAOCW NUAKE.
There is a stone staircase leading up here.
You climb upwards.
There is a stone staircase leading down here.
(D) Dungeon (T) Temple
Where to? (Enter - D:3 @ (x,y), ? - help)
What level of the Dungeon? (default 1, ? - help)
There is a stone staircase leading up here.
You climb upwards.
There is a stone staircase leading down here.
There is a stone staircase leading up here.
You climb upwards.
There is a stone staircase leading down here.
You see here a +0 whip.
You see here 8 stones.
There is a staircase leading out of the dungeon here.
Are you sure you want to leave the Dungeon?
This will make you lose the game!
You have escaped! ##.#######.# #........#.........# ##.#..(....###................#.# #..#.#.......#.......(#.#.....#.# .....+................#.#.....#.# #....#................#.#...#.#.# ...###................#.#.......# ...# ######...........#.........# ...# #PPPPPPPP.PPPPPPPP...#####

...#####PPPPPP..@..PPPPPP...#
.......#PPPP..PPPPP..PPPP...#
.......#PPP.PPP...PPP.PPP...##
#''.....PPP.PP.PPP.PP.PPP....#
#.#.....PP.PP.PP.PP.PP.PP....#
#.#.....PP.P.PP.P.PP.P.PP....####
#.#.....PP.P.P.PPP.P.P.PP........
..>.....PP.P.PP.P.PP.P.PP....##.#
#.######PP.PP.PP.PP.PP.PP....##.#


There were no monsters in sight!

Vanquished Creatures
  Duvessa (D:4)
  An orc priest (D:4)
  An iguana (D:4)
  2 orc wizards (D:4)
  3 adders
  2 dart slugs
  4 orcs
  5 endoplasms
  2 giant cockroaches (D:1)
  10 hobgoblins
  3 quokkas
  9 ball pythons
  8 bats
  4 frilled lizards
  7 goblins
  2 kobolds
  3 rats (D:1)
67 creatures vanquished.

Vanquished Creatures (others)
  A plant (D:1)
1 creature vanquished.

Grand Total: 68 creatures vanquished

Notes
Turn   | Place    | Note
-------+----------+-------------------------------------------
     0 | D:1      | protoss039 the Demonspawn Earth Elementalist began the
                  | quest for the Orb.
     0 | D:1      | Reached XP level 1. HP: 13/13 MP: 3/3
   429 | D:1      | Gained mutation: You regenerate magic rapidly. [demonic
                  | ancestry]
   429 | D:1      | Reached XP level 2. HP: 20/20 MP: 1/5
   563 | D:1      | Reached skill level 1 in Fighting
  1000 | D:1      | Reached XP level 3. HP: 26/26 MP: 4/6
  1173 | D:1      | Learned a level 2 spell: Passwall
  1300 | D:2      | Learned a level 3 spell: Stone Arrow
  2256 | D:3      | Found an opulent altar of Gozag.
  2276 | D:3      | Gained mutation: Your movements are slightly less
                  | encumbered by armour. (ER -2) [demonic ancestry]
  2276 | D:3      | Reached XP level 4. HP: 33/33 MP: 6/8
  2325 | D:3      | Found a bloodstained altar of Trog.
  2617 | D:3      | Found a radiant altar of Vehumet.
  2720 | D:3      | Became a worshipper of Vehumet
  2733 | D:4      | Noticed Dowan
  2734 | D:4      | Noticed Duvessa
  2739 | D:3      | Reached skill level 1 in Conjurations
  2874 | D:4      | Reached skill level 1 in Armour
  2877 | D:4      | Reached XP level 5. HP: 29/38 MP: 1/9
  2984 | D:4      | Found a shadowy altar of Dithmenos.
  3040 | D:4      | Found a staircase to the Ecumenical Temple.
  3069 | D:4      | Found Zeumocio's Assorted Antiques.
  3073 | D:4      | Found Wyrriugh's Weapon Shop.
  3096 | D:4      | Reached skill level 1 in Shields
  3111 | D:4      | Killed Duvessa
  3112 | D:4      | Gained mutation: You have a pair of small antennae on your
                  | head. [demonic ancestry]
  3112 | D:4      | Reached XP level 6. HP: 19/46 MP: 7/10
  3220 | D:$      | Got out of the dungeon alive.

Illustrated notes

Levels and vault maps discovered:
D:1:      roderic_crop_circles_arrival_small, layout_basic, minivault_11
D:2:      layout_basic
D:3:      layout_rooms, mainiacjoe_overflow_alcove_4,
          mainiacjoe_overflow_cross_hatched, general_overflow_altar
D:4:      layout_basic, nicolae_dithmenos_the_darkroom, pf_just_have_faith,
          minmay_temple_entry_sparse_star, serial_shops,
          nicolae_take_the_stairs, nicolae_shop_bloodbath_and_beyond, shop,
          uniq_duvessa, uniq_natasha

Skill      XL: |  1  2  3  4  5 |
---------------+----------------+-----
Fighting       | 1 2 |  2.9
Earth Magic    | 3 |  3.6
Conjurations   | 1 |  1.7
Armour         | 1 |  1.5
Shields        | 1 |  1.7
Spellcasting   | 3 |  3.1
Dodging        | |  1.7
Stealth        | |  1.7
Transmutations | |  0.8

Action                   |  1- 3 |  4- 6 || total
-------------------------+-------+-------++-------
Melee: Club              |    14 |       ||    14
       Unarmed           |     4 |       ||     4
       Dagger            |    17 |    15 ||    32
 Cast: Sandblast         |    59 |    37 ||    96
  Use: Scroll            |       |     4 ||     4
       Potion            |       |     2 ||     2
Armor: Robe              |     8 |       ||     8
       Ring mail         |    13 |    13 ||    26
Dodge: Dodged            |    44 |    15 ||    59
Block: Kite shield       |       |    20 ||    20
